 Dungeon Crawl Stone Soup version 0.22-a0-422-g9628fc8 (webtiles) character file.

284 Mgcat the Digger (level 6, -1/41 HPs)
             Began as a Formicid Earth Elementalist on May 16, 2018.
             Killed from afar by Tiareth's ghost (7 damage)
             ... with a magic dart
             ... on level 3 of the Dungeon.
             The game lasted 00:06:58 (2990 turns).

Mgcat the Digger (Formicid Earth Elementalist)      Turns: 2990, Time: 00:06:59

Health: -1/41      AC:  2    Str: 12    XL:     6   Next: 55%
Magic:  5/12       EV: 12    Int: 17    God:
Gold:   103        SH:  0    Dex: 11    Spells: 4/13 levels left

rFire    . . .     SeeInvis +   e - +0 spear
rCold    . . .     Gourm    .   (no shield)
rNeg     . . .     Faith    .   c - +0 robe
rPois    .         Spirit   .   (helmet unavailable)
rElec    .         Reflect  .   (no cloak)
rCorr    .         Harm     .   (no gloves)
MR       +....                  (no boots)
Stlth    ++........             (no amulet)
HPRegen  0.13/turn              h - ring of protection from magic {MR+, !d}
MPRegen  0.13/turn              (no ring)

@: very slightly contaminated
A: permanent stasis, dig shafts and tunnels, four strong arms, antennae 3
a: Dig, Shaft Self


You were on level 3 of the Dungeon.
You were not hungry.

You visited 1 branch of the dungeon, and saw 3 of its levels.

You collected 103 gold pieces.

Inventory:

Hand Weapons
 e - a +0 spear (weapon)
   (You found it on level 1 of the Dungeon)
Missiles
 b - 50 stones (quivered)
 s - a throwing net {=f, !d}
Armour
 c - a +0 robe (worn)
Jewellery
 h - a ring of protection from magic (left hand) {MR+, !d}
   (You found it on level 1 of the Dungeon)
Scrolls
 a - 4 scrolls of identify {unknown}
 i - 2 scrolls of magic mapping {unknown}
 j - 2 scrolls of teleportation {unknown}
 k - a scroll of remove curse {unknown}
 l - a scroll of blinking {unknown}
Potions
 f - a potion of agility {unknown}
 g - a potion of haste {unknown}
 m - a potion of degeneration {unknown}
 n - a potion of lignification {unknown}
 o - 2 potions of curing {unknown}
 p - a potion of heal wounds {unknown}
 r - a potion of mutation {unknown}
Comestibles
 d - 6 rations


   Skills:
 - Level 1.7 Dodging
 - Level 2.4 Stealth
 + Level 4.3 Spellcasting
 + Level 2.3 Conjurations
   Level 1.1 Transmutations
 + Level 5.8 Earth Magic


You had 4 spell levels left.
You knew the following spells:

 Your Spells              Type           Power        Failure   Level  Hunger
a - Sandblast             Erth           ###...       1%          1    None
b - Stone Arrow           Conj/Erth      ###...       9%          3    ###....
c - Lee's Rapid Deconstr  Erth           ###.......   36%         5    ######.

Your spell library contained the following spells:

 Spells                   Type           Power        Failure   Level  Hunger
 Passwall                 Tmut/Erth      ###.......   5%          2    ##.....
 Petrify                  Tmut/Erth      ###.....     36%         4    ####...


Dungeon Overview and Level Annotations

Branches:
Dungeon (3/15)

Altars:
Elyvilon

Annotations:
D:3 Tiareth's ghost, amateur TrWz


Innate Abilities, Weirdness & Mutations

You cannot be hasted, slowed, berserked, paralysed or teleported.
You can dig through walls and to a lower floor.
Your four strong arms can wield two-handed weapons with a shield.
You have a pair of large antennae on your head. (SInv)


Message History

The bat is severely wounded.
The bat hits you.
Tiareth's ghost (amateur Troll Wizard) comes into view.
Attack whom?
Press: ? - help, Dir - move target cursor, f/p - bat
Aim: a bat (severely wounded)
You reach to attack!
You barely miss the bat.
The bat is severely wounded.
The bat hits you but does no damage.
Attack whom?
Press: ? - help, Dir - move target cursor, f/p - bat
Aim: a bat (severely wounded)
You closely miss the bat.
The bat is severely wounded.
Tiareth's ghost turns its malevolent gaze towards you.
The bat hits you but does no damage.
Attack whom?
Press: ? - help, Dir - move target cursor, f/p - bat
Aim: a bat (severely wounded)
You reach to attack!
You completely miss the bat.
The bat is severely wounded.
The bat barely misses you.
Attack whom?
Press: ? - help, Dir - move target cursor, f/p - bat
Aim: a bat (heavily wounded)
You miss the bat.
The bat is heavily wounded.
The bat closely misses you.
Unknown command.
Unknown command.
Unknown command.
Casting: Stone Arrow (safe; 9% risk of failure)
Confirm with . or Enter, or press ? or * to list all spells.
Aiming: Sandblast (safe; 1% risk of failure)
Press: ? - help, Shift-Dir - straight line, f/p - bat
Aim: a bat (heavily wounded)
The blast of sand hits the bat.
You kill the bat!
b - 55 stones Tiareth's ghost hits you.
Casting: Sandblast (safe; 1% risk of failure)
Confirm with . or Enter, or press ? or * to list all spells.
Aiming: Sandblast (safe; 1% risk of failure)
Press: ? - help, Shift-Dir - straight line, f - Tiareth's ghost
Aim: Tiareth's ghost The blast of sand hits Tiareth's ghost.
Tiareth's ghost is moderately damaged.
b - 54 stones Tiareth's ghost gestures at you while chanting.
The magic dart hits you!
Casting: Sandblast (safe; 1% risk of failure)
Confirm with . or Enter, or press ? or * to list all spells.
Aiming: Sandblast (safe; 1% risk of failure)
Press: ? - help, Shift-Dir - straight line, f/p - Tiareth's ghost
Aim: Tiareth's ghost (moderately damaged)
You miscast Sandblast.
You are very lightly contaminated with residual magic.
Nothing appears to happen.
Tiareth's ghost gestures at you while chanting.
The magic dart hits you!
Casting: Sandblast (safe; 1% risk of failure)
Confirm with . or Enter, or press ? or * to list all spells.
Aiming: Sandblast (safe; 1% risk of failure)
Press: ? - help, Shift-Dir - straight line, f/p - Tiareth's ghost
Aim: Tiareth's ghost (moderately damaged)
The blast of sand hits Tiareth's ghost.
Tiareth's ghost is heavily damaged.
b - 53 stones Tiareth's ghost hits you!
* * * LOW HITPOINT WARNING * * *
Casting: Sandblast (safe; 1% risk of failure)
Confirm with . or Enter, or press ? or * to list all spells.
Aiming: Sandblast (safe; 1% risk of failure)
Press: ? - help, Shift-Dir - straight line, f/p - Tiareth's ghost
Aim: Tiareth's ghost (heavily damaged)
The blast of sand hits Tiareth's ghost.
Tiareth's ghost is heavily damaged.
b - 52 stones Tiareth's ghost points at you and mumbles some strange words.
The magic dart hits you!
* * * LOW HITPOINT WARNING * * *
Casting: Sandblast (safe; 1% risk of failure)
Confirm with . or Enter, or press ? or * to list all spells.
Aiming: Sandblast (safe; 1% risk of failure)
Press: ? - help, Shift-Dir - straight line, f/p - Tiareth's ghost
Aim: Tiareth's ghost (heavily damaged)
The blast of sand misses Tiareth's ghost.
b - 51 stones Tiareth's ghost barely misses you.
Casting: Sandblast (safe; 1% risk of failure)
Confirm with . or Enter, or press ? or * to list all spells.
Aiming: Sandblast (safe; 1% risk of failure)
Press: ? - help, Shift-Dir - straight line, f/p - Tiareth's ghost
Aim: Tiareth's ghost (heavily damaged)
The blast of sand hits Tiareth's ghost.
Tiareth's ghost is heavily damaged.
b - 50 stones Tiareth's ghost gestures at you while chanting.
The magic dart hits you!
You die...

#.# ...... ##.###.....
#..<...#.# #........#
######...#..#
#..[.)....?.# #
#.......##.######..#
###...[..###W#.....>..
##....######..@........
##...###................
##....# .####...........
<....## #...........
.......... #............
#....####.
...#.......... ...###
######......... ..##
##.....#.. ###


You could see Tiareth's ghost.

Vanquished Creatures
  Grinder (D:3)
  2 adders (D:2)
  An ooze (D:1)
  3 worms
  A dart slug (D:2)
  A leopard gecko (D:2)
  4 orcs
  4 bats
  A giant cockroach (D:2)
  4 goblins
  6 hobgoblins
  7 kobolds
  2 quokkas
  A ball python (D:1)
  7 frilled lizards
  12 rats
57 creatures vanquished.

Notes
Turn   | Place    | Note
-------+----------+-------------------------------------------
     0 | D:1      | Mgcat the Formicid Earth Elementalist began the quest for the Orb.
     0 | D:1      | Reached XP level 1. HP: 13/13 MP: 3/3
   281 | D:1      | Reached XP level 2. HP: 19/19 MP: 3/5
   307 | D:1      | Reached skill level 4 in Earth Magic
   988 | D:2      | Reached XP level 3. HP: 11/24 MP: 5/7
  1195 | D:2      | Reached skill level 3 in Spellcasting
  1749 | D:2      | Reached XP level 4. HP: 25/30 MP: 8/8
  1755 | D:2      | Learned a level 3 spell: Stone Arrow
  1777 | D:2      | HP: 7/30 [quokka (1)]
  2039 | D:2      | Found a white marble altar of Elyvilon.
  2320 | D:2      | Found a faded altar of an unknown god.
  2696 | D:3      | Noticed Grinder
  2838 | D:3      | Killed Grinder
  2838 | D:3      | Reached skill level 4 in Spellcasting
  2838 | D:3      | Reached skill level 2 in Conjurations
  2838 | D:3      | Reached skill level 5 in Earth Magic
  2838 | D:3      | Reached XP level 5. HP: 15/35 MP: 5/11
  2838 | D:3      | Reached XP level 6. HP: 18/41 MP: 5/12
  2955 | D:3      | Learned a level 5 spell: Lee's Rapid Deconstruction
  2979 | D:3      | Noticed Tiareth's ghost (amateur TrWz)
  2987 | D:3      | HP: 8/41 [Tiareth's ghost (9)]
  2990 | D:3      | Killed from afar by Tiareth's ghost

Vault maps used:
D:1:      dpeg_arrival_tiny_a, serial_corexii_hall, corexii_hall_statues_s,
          corexii_hall_statues_i, corexii_hall_statues_l,
          corexii_hall_statues_i, corexii_hall_statues_deadend,
          corexii_hall_statues_l
D:2:      marbit_many_paths, chequers_ecumenical_altar_lobes, patterned_corridor
D:3:      uniq_grinder

Skill      XL: |  1  2  3  4 |
---------------+-------------+-----
Earth Magic    | 4 5 |  5.8
Spellcasting   | 3 4 |  4.3
Conjurations   | 2 |  2.3
Dodging        | |  1.7
Stealth        | |  2.4
Transmutations | |  1.1

Action                   |  1- 3 |  4- 6 || total
-------------------------+-------+-------++-------
Melee: Spear             |    99 |    58 ||   157
 Cast: Sandblast         |     8 |    19 ||    27
       Stone Arrow       |       |    15 ||    15
 Stab: Sleeping          |     7 |     5 ||    12
  Eat: Chunk             |     3 |     5 ||     8
Armor: Robe              |    13 |    11 ||    24
Dodge: Dodged            |    38 |    29 ||    67

Table legend:
 A = Spawn XP
 B = Non-spawn XP
 C = Spawn XP percentage of total XP
 D = Spawn monster count
 E = Non-spawn monster count
 F = Spawn count percentage of total count
 G = Total turns spent on level
                    A         B        C        D         E        F      G
               +---------+---------+-------+---------+---------+-------+---------
         Total |       0 |     407 |   0.0 |       0 |      57 |   0.0 |  2990
               +---------+---------+-------+---------+---------+-------+---------
           D:1 |       0 |      25 |   0.0 |       0 |      13 |   0.0 |   972
           D:2 |       0 |      80 |   0.0 |       0 |      32 |   0.0 |  1610
           D:3 |       0 |     302 |   0.0 |       0 |      12 |   0.0 |   408
               +---------+---------+-------+---------+---------+-------+---------

Vault maps used:
D:1:      dpeg_arrival_tiny_a, serial_corexii_hall, corexii_hall_statues_s,
          corexii_hall_statues_i, corexii_hall_statues_l,
          corexii_hall_statues_i, corexii_hall_statues_deadend,
          corexii_hall_statues_l
D:2:      marbit_many_paths, chequers_ecumenical_altar_lobes, patterned_corridor
D:3:      uniq_grinder

Table legend:
 A = Turns spent in this place as a percentage of turns spent in the entire game.
 B = Non-inter-level travel turns spent in this place as a percentage of non-inter-level travel turns spent in the entire game.
 C = Inter-level travel turns spent in this place as a percentage of turns spent in this place.
 D = Turns resting spent in this place as a percentage of non-inter-level travel turns spent in this place.
 E = Turns spent auto-exploring this place as a percentage of non-inter-level travel turns spent in this place.
 F = Non-inter-level travel turns spent in this place divided by the number of levels of this place that you've seen.
                   A       B       C       D       E      F
               +-------+-------+-------+-------+-------+----------------------
         Total | 100.0 | 100.0 |   4.2 |   3.8 |  79.8 | 955.0
       Dungeon | 100.0 | 100.0 |   4.2 |   3.8 |  79.8 | 955.0
               +-------+-------+-------+-------+-------+----------------------

Table legend:
 A = Kills in this place as a percentage of kills in entire the game.
 B = Kills by you in this place as a percentage of kills by you in the entire game.
 C = Kills by friends in this place as a percentage of kills by friends in the entire game.
 D = Other kills in this place as a percentage of other kills in the entire game.
 E = Experience gained in this place as a percentage of experience gained in the entire game.
 F = Experience gained in this place divided by the number of levels of this place that you have seen.
                   A       B       C       D       E      F
               +-------+-------+-------+-------+-------+----------------------
         Total | 100.0 | 100.0 |   N/A |   N/A | 100.0 | 135.7
       Dungeon | 100.0 | 100.0 |   N/A |   N/A | 100.0 | 135.7
               +-------+-------+-------+-------+-------+----------------------
